Map: Oceanborn LE

Players

DnS

  • Race: Protoss Protoss
  • Spawn Location: 11:00

Stats - Winner!

  • Race: Protoss Protoss
  • League: Master
  • Spawn Location: 5:00

Event: Bellum Gens Elite Stara Zagora 2024

VOD

Have the link to the VOD?

Description

Time

  • Played on: Sept. 6, 2024, 12:38 p.m.
  • Length: 7:59

All games in this series

Show
View Real Time Build Order
Export as new Build Order

DnS Protoss 

Build Orders:  

Get SALT Encoding   

  12  0:00  Probe  
  13  0:12  Probe  
  14  0:17  Pylon  
  14  0:24  Probe (Chrono Boost)  
  15  0:35  Gateway  
  15  0:36  Probe (Chrono Boost)  
  16  0:44  Probe (Chrono Boost)  
  16  0:46  Assimilator  
  17  0:51  Probe  
  17  0:54  Assimilator  
  18  1:03  Probe (Chrono Boost)  
  19  1:07  Gateway  
  19  1:13  Probe (Chrono Boost)  
  19  1:18  Probe  
  20  1:24  Cybernetics Core  
  21  1:30  Probe  
  22  1:36  Pylon  
  22  1:42  Probe  
  23  2:00  Robotics Facility  
  23  2:01  Stalker  
  23  2:08  Stalker  
  27  2:11  Warp Gate  
  27  2:19  Pylon  
  27  2:25  Probe  
  28  2:35  Stalker  
  30  2:39  Stalker  
  31  2:52  Immortal (Chrono Boost)  
  35  3:05  Sentry  
  35  3:10  Shield Battery  
  37  3:19  Pylon  
  37  3:24  Warp Prism (Chrono Boost)  
  39  3:49  Pylon  
  39  3:53  Observer  
  40  3:59  Stalker  
  40  4:00  Stalker  
  40  4:01  Probe  
  45  4:17  Immortal (Chrono Boost)  
  49  4:27  Stargate  
  49  4:37  Adept x2  
  53  4:40  Pylon  
  51  5:00  Adept x2  
  51  5:03  Observer  
  53  5:10  Immortal (Chrono Boost)  
  57  5:28  Phoenix  
  56  5:51  Observer  
  56  5:52  Nexus, Phoenix  
  56  5:55  Pylon  
  57  6:08  Probe  
  58  6:12  Phoenix  
  58  6:17  Shield Battery  
  59  6:19  Shield Battery, Sentry  
  59  6:25  Pylon  
  57  6:42  Phoenix  
  57  6:44  Adept  
  55  6:48  Adept  
  43  7:09  Adept x2  
  43  7:10  Probe x2  
  49  7:18  Phoenix  
  51  7:25  Shield Battery  
  51  7:29  Adept  
  51  7:34  Adept  
Show
View Real Time Build Order
Export as new Build Order

Stats Protoss - Winner!

Build Orders:  

Get SALT Encoding   

  12  0:00  Probe  
  13  0:12  Probe  
  14  0:17  Pylon  
  14  0:24  Probe (Chrono Boost)  
  15  0:36  Gateway, Probe (Chrono Boost)  
  16  0:44  Probe (Chrono Boost)  
  16  0:46  Assimilator  
  17  0:51  Probe  
  17  0:54  Assimilator  
  18  1:03  Probe (Chrono Boost)  
  19  1:08  Gateway  
  19  1:14  Probe (Chrono Boost)  
  20  1:19  Probe (Chrono Boost)  
  20  1:24  Cybernetics Core  
  21  1:29  Probe  
  22  1:35  Pylon  
  22  1:41  Probe  
  23  1:53  Probe  
  24  2:00  Adept x2, Warp Gate  
  28  2:11  Pylon  
  28  2:26  Pylon  
  28  2:31  Stalker x2  
  32  2:37  Robotics Facility  
  32  2:53  Pylon, Probe  
  33  3:02  Sentry x2  
  37  3:13  Probe  
  37  3:19  Gateway  
  38  3:22  Immortal (Chrono Boost)  
  42  3:34  Shield Battery  
  42  3:36  Pylon  
  42  3:51  Immortal (Chrono Boost)  
  46  4:00  Sentry  
  46  4:01  Adept  
  50  4:06  Pylon  
  50  4:20  Warp Prism (Chrono Boost)  
  52  4:30  Adept x2  
  56  4:33  Adept  
  58  4:40  Pylon  
  58  4:48  Observer  
  58  4:51  Gateway  
  55  5:01  Adept x2  
  59  5:17  Immortal (Chrono Boost)  
  63  5:21  Observer  
  63  5:26  Adept  
  65  5:30  Adept  
  67  5:36  Pylon  
  67  5:56  Adept x2  
  70  6:06  Pylon  
  69  6:24  Nexus  
  69  6:31  Probe  
  69  6:44  Probe  
  60  7:03  Probe  
  55  7:10  Sentry x3  
  55  7:13  Pylon  
  55  7:15  Probe  
  62  7:27  Probe  
  61  7:34  Stalker x3  
  61  7:38  Probe  
  61  7:39  Probe  
Tags
 
Add a new tag
Caveats
  • Supply blocks, unpowered buildings, or Contaminate may cause inaccurate times.
  • Supply counts are checked every 10 seconds.